PBL
TROIS-RIVERES AIGLES @ WINNIPEG GOLDEYES
06/07/2047
 
TOP OF THE 1ST
Trois-Riveres Aigles batting - Pitching for Winnipeg Goldeyes : RHP Tony Icamen
Pitching: RHP Tony Icamen
Batting: RHB Luis Jara 0-0: Bunt missed!
0-1: Ball
1-1: SINGLE (Groundball, 56, EV 107.5 MPH)
Batting: RHB Dave Valdez 0-0: Foul Ball, location: 2F
0-1: Ball
1-1: Ball
2-1: Fly out, F8 (Line Drive, 78M, EV 105.0 MPH)
Batting: RHB Kyler Seitz 0-0: Foul Ball, location: 2F
0-1: Ball
1-1: Swinging Strike
1-2: Ball
2-2: Strikes out swinging
Batting: SHB Omar Cervantes 0-0: Ball
1-0: Ball
2-0: Foul Ball, location: 2F
2-1: Foul Ball, location: 2F
2-2: Foul Ball, location: 2F
2-2: Ball
3-2: Fly out, F8 (Line Drive, 8RM, EV 94.4 MPH)
Top of the 1st over - 0 runs, 1 hit, 0 errors, 1 left on base; Trois-Riveres 0 - Winnipeg 0
BOTTOM OF THE 1ST
Winnipeg Goldeyes batting - Pitching for Trois-Riveres Aigles : RHP Cole Roome
Pitching: RHP Cole Roome
Batting: RHB Nestor Moreno 0-0: Foul Ball, location: 2F
0-1: Ground out 1-3 (Groundball, 13, EV 71.2 MPH)
Batting: LHB Ben Roth 0-0: Foul Ball, location: 2F
0-1: Ball
1-1: Ball
2-1: Ground out 6-3 (Groundball, 6D, EV 108.1 MPH)
Batting: SHB Rodrigo Mendoza 0-0: SINGLE (Line Drive, 6M, EV 100.0 MPH)
Batting: RHB Terry Oetker 0-0: Ball
Rodrigo Mendoza steals 2nd base
1-0: DOUBLE (Line Drive, 89M, EV 108.8 MPH)
Rodrigo Mendoza scores
Batting: RHB Hisao Takei 0-0: Ball
1-0: Foul Ball, location: 2F
1-1: DOUBLE (Line Drive, 78D, EV 101.9 MPH)
Terry Oetker scores
Batting: RHB Yu-zeng Mai 0-0: Ball
1-0: Foul Ball, location: 2F
1-1: Ball
2-1: Ball
3-1: Called Strike
3-2: Foul Ball, location: 2F
3-2: Base on Balls
Batting: RHB Alejandro de Jesus 0-0: Called Strike
0-1: Ball
1-1: SINGLE (Flyball, 8LS, EV 98.1 MPH)
Hisao Takei to third
Yu-zeng Mai to second
Batting: RHB Settan Nakamura 0-0: Ball
1-0: Ball
2-0: Foul Ball, location: 2F
2-1: Foul Ball, location: 2F
2-2: Ball
3-2: Base on Balls
Hisao Takei scores
Yu-zeng Mai to third
Alejandro de Jesus to second
Batting: RHB Mike Berzins 0-0: Called Strike
0-1: SINGLE (Groundball, 6S, EV 63.8 MPH) (infield hit)
Yu-zeng Mai scores
Alejandro de Jesus to third
Settan Nakamura to second
Batting: RHB Nestor Moreno 0-0: Called Strike
0-1: Swinging Strike
0-2: Strikes out looking
Bottom of the 1st over - 4 runs, 5 hits, 0 errors, 3 left on base; Trois-Riveres 0 - Winnipeg 4
TOP OF THE 2ND
Trois-Riveres Aigles batting - Pitching for Winnipeg Goldeyes : RHP Tony Icamen
Batting: RHB Tim Dower 0-0: Called Strike
0-1: Called Strike
0-2: Strikes out swinging
Batting: RHB Ben Saxton 0-0: Ball
1-0: Ball
2-0: Foul Ball, location: 2F
2-1: Called Strike
2-2: Strikes out swinging
Batting: RHB Sandoval Serzedelo 0-0: Ground out 1-3 (Groundball, P, EV 70.0 MPH)
Top of the 2nd over - 0 runs, 0 hits, 0 errors, 0 left on base; Trois-Riveres 0 - Winnipeg 4
BOTTOM OF THE 2ND
Winnipeg Goldeyes batting - Pitching for Trois-Riveres Aigles : RHP Cole Roome
Batting: LHB Ben Roth 0-0: Called Strike
0-1: Swinging Strike
0-2: Strikes out swinging
Batting: SHB Rodrigo Mendoza 0-0: Ball
1-0: Foul Ball, location: 2F
1-1: Ground out 4-3 (Groundball, 4S, EV 63.8 MPH)
Batting: RHB Terry Oetker 0-0: Called Strike
0-1: DOUBLE (Flyball, 78D, EV 90.0 MPH)
Batting: RHB Hisao Takei 0-0: Foul Ball, location: 2F
0-1: Called Strike
0-2: SINGLE (Groundball, 56S, EV 67.5 MPH) (infield hit)
Terry Oetker to third
Batting: RHB Yu-zeng Mai 0-0: Called Strike
0-1: Fielders Choice at 2nd, 6-4 (Groundball, 6, EV 78.1 MPH)
Bottom of the 2nd over - 0 runs, 2 hits, 0 errors, 2 left on base; Trois-Riveres 0 - Winnipeg 4
TOP OF THE 3RD
Trois-Riveres Aigles batting - Pitching for Winnipeg Goldeyes : RHP Tony Icamen
Batting: RHB Willie Acevedo 0-0: Ball
1-0: Called Strike
1-1: Called Strike
1-2: Ball
2-2: Strikes out looking
Batting: RHB Gilbert Hoareau 0-0: Called Strike
0-1: Foul Ball, location: 2F
0-2: Ball
1-2: Foul Ball, location: 2F
1-2: Strikes out swinging
Pitching: RHP Nathan Tamburrino
Batting: RHB Luis Jara 0-0: Ball
1-0: Ball
2-0: Ball
3-0: Called Strike
3-1: Ground out U3 (Groundball, 13, EV 85.0 MPH)
Top of the 3rd over - 0 runs, 0 hits, 0 errors, 0 left on base; Trois-Riveres 0 - Winnipeg 4
BOTTOM OF THE 3RD
Winnipeg Goldeyes batting - Pitching for Trois-Riveres Aigles : RHP Cole Roome
Batting: RHB Alejandro de Jesus 0-0: Called Strike
0-1: Ball
1-1: Ball
2-1: Called Strike
2-2: Strikes out looking
Batting: RHB Settan Nakamura 0-0: Swinging Strike
0-1: Ball
1-1: Ball
2-1: Swinging Strike
2-2: Ball
3-2: Foul Ball, location: 2F
3-2: Foul Ball, location: 2F
3-2: Strikes out looking
Batting: RHB Mike Berzins 0-0: Called Strike
0-1: Ball
1-1: Ball
2-1: Ground out 5-3 (Groundball, 5, EV 87.5 MPH)
Bottom of the 3rd over - 0 runs, 0 hits, 0 errors, 0 left on base; Trois-Riveres 0 - Winnipeg 4
TOP OF THE 4TH
Trois-Riveres Aigles batting - Pitching for Winnipeg Goldeyes : RHP Nathan Tamburrino
Batting: RHB Dave Valdez 0-0: Ball
1-0: Called Strike
1-1: Ball
2-1: Called Strike
2-2: Foul Ball, location: 2F
2-2: Strikes out swinging
Batting: RHB Kyler Seitz 0-0: Swinging Strike
0-1: Foul Ball, location: 2F
0-2: Ball
1-2: Strikes out swinging
Batting: SHB Omar Cervantes 0-0: Ball
1-0: Ball
2-0: Ball
3-0: Called Strike
3-1: Fly out, F7 (Flyball, 78D, EV 82.5 MPH)
Top of the 4th over - 0 runs, 0 hits, 0 errors, 0 left on base; Trois-Riveres 0 - Winnipeg 4
BOTTOM OF THE 4TH
Winnipeg Goldeyes batting - Pitching for Trois-Riveres Aigles : RHP Cole Roome
Batting: RHB Nestor Moreno 0-0: Swinging Strike
0-1: Ball
1-1: Ball
2-1: Foul Ball, location: 2F
2-2: Strikes out looking
Batting: LHB Ben Roth 0-0: Called Strike
0-1: Ball
1-1: Ball
2-1: Ball
3-1: Called Strike
3-2: Strikes out looking
Batting: SHB Rodrigo Mendoza 0-0: Called Strike
0-1: Ball
1-1: Ground out 6-3 (Groundball, 6, EV 91.9 MPH)
Bottom of the 4th over - 0 runs, 0 hits, 0 errors, 0 left on base; Trois-Riveres 0 - Winnipeg 4
TOP OF THE 5TH
Trois-Riveres Aigles batting - Pitching for Winnipeg Goldeyes : RHP Nathan Tamburrino
Batting: RHB Tim Dower 0-0: Ball
1-0: Ground out 6-3 (Groundball, 6, EV 84.4 MPH)
Batting: RHB Ben Saxton 0-0: Foul Ball, location: 2F
0-1: Ground out 4-3 (Groundball, 4, EV 103.1 MPH)
Batting: RHB Sandoval Serzedelo 0-0: Ball
1-0: Called Strike
1-1: Swinging Strike
1-2: Ball
2-2: Strikes out swinging
Top of the 5th over - 0 runs, 0 hits, 0 errors, 0 left on base; Trois-Riveres 0 - Winnipeg 4
BOTTOM OF THE 5TH
Winnipeg Goldeyes batting - Pitching for Trois-Riveres Aigles : RHP Cole Roome
Batting: RHB Terry Oetker 0-0: Fly out, F8 (Flyball, 8RXD, EV 99.4 MPH)
Batting: RHB Hisao Takei 0-0: Ball
1-0: Ball
2-0: Ball
3-0: Called Strike
3-1: Fly out, F4 (Popup, 4D, EV 55.6 MPH)
Batting: RHB Yu-zeng Mai 0-0: SOLO HOME RUN (Flyball, 7LD, EV 91.9 MPH), Distance : 350 ft
Batting: RHB Alejandro de Jesus 0-0: Ball
1-0: Swinging Strike
1-1: Swinging Strike
1-2: Ball
2-2: Ball
3-2: Ground out 6-3 (Groundball, 6, EV 98.8 MPH)
Bottom of the 5th over - 1 run, 1 hit, 0 errors, 0 left on base; Trois-Riveres 0 - Winnipeg 5
TOP OF THE 6TH
Trois-Riveres Aigles batting - Pitching for Winnipeg Goldeyes : RHP Nathan Tamburrino
Batting: RHB Willie Acevedo 0-0: TRIPLE (Line Drive, 89XD, EV 111.9 MPH)
Batting: RHB Gilbert Hoareau 0-0: Ball
1-0: Ball
Wild Pitch!
Willie Acevedo scores
2-0: Foul Ball, location: 2F
2-1: Swinging Strike
2-2: Strikes out swinging
Batting: RHB Luis Jara 0-0: Swinging Strike
0-1: Ball
1-1: Ball
2-1: Called Strike
2-2: Strikes out swinging
Batting: RHB Dave Valdez 0-0: Called Strike
0-1: Called Strike
0-2: Fly out, F3 (Popup, 3S, EV 75.0 MPH)
Top of the 6th over - 1 run, 1 hit, 0 errors, 0 left on base; Trois-Riveres 1 - Winnipeg 5
BOTTOM OF THE 6TH
Winnipeg Goldeyes batting - Pitching for Trois-Riveres Aigles : RHP Cole Roome
Batting: RHB Settan Nakamura 0-0: Called Strike
0-1: Ground out 6-3 (Groundball, 6D, EV 104.4 MPH)
Batting: RHB Mike Berzins 0-0: Ball
1-0: Ball
2-0: Ball
3-0: Base on Balls
Pitching: RHP Bobby Valenzuela
Batting: RHB Nestor Moreno 0-0: Ball
Mike Berzins steals 2nd base
1-0: Called Strike
1-1: Ball
2-1: Ball
3-1: Foul Ball, location: 2F
3-2: Base on Balls
Batting: LHB Ben Roth 0-0: Foul Ball, location: 2F
0-1: Ball
1-1: 3-RUN HOME RUN (Flyball, 89XD, EV 111.2 MPH), Distance : 425 ft
Batting: SHB Rodrigo Mendoza 0-0: Ball
1-0: Called Strike
1-1: Foul Ball, location: 2F
1-2: Strikes out swinging
Batting: RHB Terry Oetker 0-0: Called Strike
0-1: Fly out, F8 (Line Drive, 8LM, EV 88.8 MPH)
Bottom of the 6th over - 3 runs, 1 hit, 0 errors, 0 left on base; Trois-Riveres 1 - Winnipeg 8
TOP OF THE 7TH
Trois-Riveres Aigles batting - Pitching for Winnipeg Goldeyes : RHP Nathan Tamburrino
Batting: RHB Kyler Seitz 0-0: Swinging Strike
0-1: Ball
1-1: Ground out 6-3 (Groundball, 6M, EV 78.1 MPH)
Batting: SHB Omar Cervantes 0-0: Ball
1-0: Foul Ball, location: 2F
1-1: Ball
2-1: Called Strike
2-2: Foul Ball, location: 2F
2-2: Foul Ball, location: 2F
2-2: Foul Ball, location: 2F
2-2: Ball
3-2: SINGLE (Line Drive, 6MD, EV 97.5 MPH)
Pitching: RHP Chi-young Chuko
Batting: RHB Tim Dower 0-0: Ball
1-0: Fly out, F8 (Line Drive, 8RM, EV 85.6 MPH)
Pinch Hitting: RHB Jeff Standridge 0-0: Called Strike
0-1: Ball
1-1: Ball
2-1: Called Strike
2-2: Strikes out swinging
Top of the 7th over - 0 runs, 1 hit, 0 errors, 1 left on base; Trois-Riveres 1 - Winnipeg 8
BOTTOM OF THE 7TH
Winnipeg Goldeyes batting - Pitching for Trois-Riveres Aigles : RHP Bobby Valenzuela
Now at 3B: Jeff Standridge
Now at SS: Luis Jara
Batting: RHB Hisao Takei 0-0: Ball
1-0: Called Strike
1-1: Foul Ball, location: 2F
1-2: Ball
2-2: Strikes out looking
Batting: RHB Yu-zeng Mai 0-0: Ball
1-0: Called Strike
1-1: Ball
2-1: Swinging Strike
2-2: Strikes out swinging
Batting: RHB Alejandro de Jesus 0-0: Ball
1-0: Called Strike
1-1: Ball
2-1: Foul Ball, location: 2F
2-2: Ball
3-2: Fly out, F3 (Popup, 3F, EV 65.6 MPH)
Bottom of the 7th over - 0 runs, 0 hits, 0 errors, 0 left on base; Trois-Riveres 1 - Winnipeg 8
TOP OF THE 8TH
Trois-Riveres Aigles batting - Pitching for Winnipeg Goldeyes : RHP Chi-young Chuko
Pinch Hitting: LHB Ian Cranton 0-0: Called Strike
0-1: Swinging Strike
0-2: Ball
1-2: Ball
2-2: Ball
3-2: Fly out, F7 (Flyball, 7D, EV 93.8 MPH)
Pinch Hitting: RHB Joe Hartigan 0-0: Ball
1-0: Called Strike
1-1: Ball
2-1: Fly out, F9 (Flyball, 9D, EV 101.9 MPH)
Batting: RHB Gilbert Hoareau 0-0: Ball
1-0: Foul Ball, location: 2F
1-1: Ball
2-1: Ball
3-1: Foul Ball, location: 2F
3-2: Base on Balls
Pinch Hitting: RHB Gabe Wilcoxon 0-0: Ball
1-0: Ground out 6-3 (Groundball, 6S, EV 67.5 MPH)
Top of the 8th over - 0 runs, 0 hits, 0 errors, 1 left on base; Trois-Riveres 1 - Winnipeg 8
BOTTOM OF THE 8TH
Winnipeg Goldeyes batting - Pitching for Trois-Riveres Aigles : RHP Bobby Valenzuela
Now at 1B: Ian Cranton
Now at SS: Ryan Holzwart
Now in LF: Joe Hartigan
Batting: RHB Settan Nakamura 0-0: Foul Ball, location: 2F
0-1: Swinging Strike
0-2: Ball
1-2: Ball
2-2: SINGLE (Line Drive, 89M, EV 105.0 MPH)
Pinch Hitting: LHB Lourens Aukema 0-0: Called Strike
0-1: Foul Ball, location: 2F
0-2: Strikes out swinging
Pitching: RHP Michito Higashi
Pinch Hitting: RHB Danny Rodriguez 0-0: Ball
1-0: Foul Ball, location: 2F
1-1: Ball
Settan Nakamura steals 2nd base
2-1: Fly out, F8 (Flyball, 8RD, EV 101.9 MPH)
Batting: LHB Ben Roth 0-0: SINGLE (Line Drive, 5D, EV 96.2 MPH)
Settan Nakamura to third
Runner from 3rd tries for Home, SAFE, throw by LF to home
Pinch Hitting: SHB Ed Mosqueda 0-0: Ball
1-0: Foul Ball, location: 2F
1-1: SINGLE (Groundball, 34D, EV 98.1 MPH)
Ben Roth to second
Runner from 2nd tries for 3rd, SAFE, throw by RF made to third
Pinch Hitting: RHB Gary Smith 0-0: Ball
1-0: Swinging Strike
1-1: Ball
2-1: SINGLE (Line Drive, 4MD, EV 102.5 MPH)
Ben Roth scores
Ed Mosqueda to second
Batting: RHB Hisao Takei 0-0: Called Strike
0-1: Foul Ball, location: 2F
0-2: Ball
1-2: Strikes out swinging
Bottom of the 8th over - 2 runs, 4 hits, 0 errors, 2 left on base; Trois-Riveres 1 - Winnipeg 10
TOP OF THE 9TH
Trois-Riveres Aigles batting - Pitching for Winnipeg Goldeyes : RHP Chi-young Chuko
Now at 1B: Danny Rodriguez
Now at 3B: Ed Mosqueda
Now in LF: Lourens Aukema
Now in CF: Raul Aldaz
Pinch Hitting: RHB Jon Gonzales 0-0: Ball
1-0: Ground out 6-3 (Groundball, 6M, EV 82.5 MPH)
Batting: RHB Kyler Seitz 0-0: Ball
1-0: Foul Ball, location: 2F
1-1: Ball
2-1: Ball
3-1: Base on Balls
Pinch Hitting: RHB Christopher Arnett 0-0: Called Strike
0-1: Ball
1-1: Called Strike
1-2: Ball
2-2: Ball
3-2: Foul Ball, location: 2F
3-2: Foul Ball, location: 2F
3-2: Base on Balls
Kyler Seitz to second
Pitching: LHP Travis Joyal
Pinch Hitting: RHB Matt Fritz 0-0: Grounds into double play, 6-4-3 (Groundball, 6, EV 85.0 MPH)
Top of the 9th over - 0 runs, 0 hits, 0 errors, 1 left on base; Trois-Riveres 1 - Winnipeg 10
Thursday, December 15th , 2022 - OOTP Baseball 23.9 Build 102